 Dungeon Crawl Stone Soup version 0.29-a0-283-ga02f740833 (webtiles) character file.

Game seed: 9081331191165098231

2 spaghetti the Cudgeller (level 1, -3/21 HPs)
             Began as a Tengu Berserker on Mar 13, 2022.
             Was a Follower of Trog.
             Frozen to death by an endoplasm (5 damage)
             ... on level 1 of the Dungeon.
             The game lasted 00:00:20 (276 turns).

spaghetti the Cudgeller (Tengu Berserker)            Turns: 276, Time: 00:00:21

Health: -3/21      AC:  2    Str: 17    XL:     1   Next: 40%
Magic:  2/2        EV: 12    Int:  7    God:    Trog [*.....]
Gold:   25         SH:  0    Dex: 13    Spells: 0/0 levels left

rFire   . . .      SeeInvis .   a - +0 mace {mace}
rCold   . . .      Faith    .   (no shield)
rNeg    . . .      Spirit   .   b - +0 animal skin
rPois   .          Reflect  .   (helmet restricted)
rElec   .          Harm     .   (no cloak)
rCorr   .          Rampage  .   (no gloves)
Will    .....                   (boots unavailable)
Stlth   ..........              (no amulet)
HPRegen 0.07/turn               (no ring)
MPRegen 0.08/turn               (no ring)

@: berserking, very quick
A: beak, talons 3
a: Renounce Religion, Berserk


You were on level 1 of the Dungeon.
You worshipped Trog.
Trog was aware of your devotion.
You visited 1 branch of the dungeon, and saw 1 of its levels.

You collected 25 gold pieces.


Innate Abilities, Weirdness & Mutations

You have a beak for a mouth.
You have claws for feet.


   Skills:
 - Level 3.0 Fighting
 - Level 3.2 Maces & Flails
 - Level 2.1 Armour
 + Level 2.5 Dodging


You couldn't memorise any spells.
You didn't know any spells.
Your spell library was empty.

Inventory:

Hand Weapons
 a - a +0 mace (weapon) {mace}
Missiles
 c - 24 stones (quivered) {throwing}
Armour
 b - a +0 animal skin (worn)
Scrolls
 d - a scroll of enchant weapon {unknown}
 e - a scroll of fog {unknown}

Dungeon Overview and Level Annotations

Branches:
Dungeon (1/15)

Altars:

##...# .#. #..#...# ..
...##..# .. #..##..#
#. #.. ##.#
..###.###.# #.#
.......#.####.#
###..J...##..######
#...S@..............
#.....†....###########
#.#.......##
#.........#
#####...### #####


You could see an endoplasm and a ball python.


Message History

😮 HP[-2]
You take 2 damage, and now have 9/14 hp.
You are too injured to fight recklessly!
You are too injured to fight recklessly!
You are too injured to fight recklessly!
You are too injured to fight recklessly!
You are too injured to fight recklessly!
You are too injured to fight recklessly!
You are too injured to fight recklessly!
You are too injured to fight recklessly!
You are too injured to fight recklessly!
You are too injured to fight recklessly!
You are too injured to fight recklessly!
You are too injured to fight recklessly!
You are too injured to fight recklessly!
You are too injured to fight recklessly!
You are too injured to fight recklessly!
You are too injured to fight recklessly!
You are too injured to fight recklessly!
You are too injured to fight recklessly!
You are too injured to fight recklessly!
You are too injured to fight recklessly!
You start resting.
A dart slug is nearby! 😮 HP[+1]
A red film seems to cover your vision as you go berserk!
You feel yourself moving faster!
You feel mighty!
The dart slug barely misses you. 😮 HP[+5]
You now have 21 max hp (+7).
You regained 5 hp, and now have 15/21 hp.
You sock the dart slug!
You kill the dart slug!
Trog accepts your kill.
Calm down first, please.
Calm down first, please.
Unknown command.
Unknown command.
You feel a strong urge to attack something.
You feel your anger nearly subside.
You are no longer berserk.
You are exhausted.
You feel yourself slow down. 😮 HP[-5]
You now have 14 max hp (-7).
You feel yourself speed up.
You recover from your berserk rage.
Key pressed, stopping explore.
c - 24 stones {throwing} (gained 2)
Found a stone staircase leading down. 😎 HP[+4]
Your hp is fully restored (14).
You now have 15 gold pieces (gained 2).
d - a scroll labelled ZESCHO LERYRGHYU
Found a stone staircase leading down.
Found a faded altar of an unknown god.
e - a scroll labelled VESHIURAEV You now have 25 gold pieces (gained 10).
A quokka comes into view.
A quokka is nearby!
A quokka is nearby!
A quokka is nearby!
A quokka is nearby!
An endoplasm and a ball python come into view.
The endoplasm quivers.
The quokka bites you.
You completely miss the quokka. The quokka closely misses you. 😮 HP[-4]
You take 4 damage, and now have 10/14 hp.
MASSIVE DAMAGE!! (PAUSE)
You miss the quokka. You claw the quokka. You peck the quokka.
The quokka bites you.
* * * LOW HITPOINT WARNING * * *
The quokka bites you.
* * * LOW HITPOINT WARNING * * *
😱 HP[-7]
You take 7 damage, and now have 3/14 hp.
MASSIVE DAMAGE!! (PAUSE)
A red film seems to cover your vision as you go berserk!
You feel yourself moving faster!
You feel mighty!
The quokka twitches its whiskers.
The quokka closely misses you. 😱 HP[+2]
You now have 21 max hp (+7).
You regained 2 hp, and now have 5/21 hp.
You closely miss the quokka. The quokka closely misses you.
You miss the quokka. The quokka barely misses you.
You miss the quokka. Your peck misses the quokka. The endoplasm freezes you.
You are frozen.
* * * LOW HITPOINT WARNING * * *
The quokka bites you but does no damage. 😱 HP[-3]
You take 3 damage, and now have 2/21 hp.
Unknown command.
You closely miss the quokka. You claw the quokka.
You kill the quokka!
Trog accepts your kill. The endoplasm freezes you.
You are frozen.
You die...

Action                   || total
-------------------------++-------
Melee: Mace              ||     7
       Kick              ||     2
       Peck              ||     1
Throw: Stone             ||     3
Invok: Berserk           ||     2
Armor: Animal skin       ||     1
Dodge: Dodged            ||     5

Levels and vault maps discovered:
D:1:      lightli_arrival_maybe_door_vault, layout_loops_ring,
          hellmonk_ecumenical_altar_zigzags

Notes
Turn   | Place    | Note
-------+----------+-------------------------------------------
     0 | D:1      | spaghetti the Tengu Berserker began the quest for the Orb.
     0 | D:1      | Reached XP level 1. HP: 14/14 MP: 2/2
     0 | D:1      | magus.rc [v1.9.6]
   229 | D:1      | Found a faded altar of an unknown god.
   271 | D:1      | HP: 3/14 [quokka (4)]
   276 | D:1      | Frozen to death by an endoplasm

Vanquished Creatures
  A dart slug (D:1)
  A quokka (D:1)
2 creatures vanquished.

Table legend:
 A = Non-vault XP
 B = Vault XP
 C = Vault XP percentage of total XP
 D = Non-vault monster count
 E = Vault monster count
 F = Vault count percentage of total count
                 A         B        C        D         E       F
            +---------+---------+-------+---------+---------+-------
      Total |       6 |       0 |   0.0 |       2 |       0 |   0.0
            +---------+---------+-------+---------+---------+-------
        D:1 |       6 |       0 |   0.0 |       2 |       0 |   0.0
            +---------+---------+-------+---------+---------+-------

Illustrated notes

Table legend:
 A = Kills in this place as a percentage of kills in entire the game.
 B = Kills by you in this place as a percentage of kills by you in the entire game.
 C = Kills by friends in this place as a percentage of kills by friends in the entire game.
 D = Other kills in this place as a percentage of other kills in the entire game.
 E = Experience gained in this place as a percentage of experience gained in the entire game.
 F = Experience gained in this place divided by the number of levels of this place that you have seen.
                   A       B       C       D       E      F
               +-------+-------+-------+-------+-------+----------------------
         Total | 100.0 | 100.0 |   N/A |   N/A | 100.0 |   6.0
       Dungeon | 100.0 | 100.0 |   N/A |   N/A | 100.0 |   6.0
               +-------+-------+-------+-------+-------+----------------------

Table legend: (Time is in decaauts)
 A = Elapsed time spent in this place.
 B = Non-inter-level travel time spent in this place.
 C = Inter-level travel time spent in this place.
 D = Time resting spent in this place.
 E = Time spent auto-exploring this place.
 F = Levels seen in this place.
 G = Mean time per level.
                   A        B        C        D        E       F      G
               +--------+--------+--------+--------+--------+-----+--------+
         Total |    288 |    288 |      0 |      8 |    252 |   1 |  288.0 |
       Dungeon |    288 |    288 |      0 |      8 |    252 |   1 |  288.0 |
               +--------+--------+--------+--------+--------+-----+--------+

Top non-repeatable levels by time:
     D:1: 288 daAuts
